Workbook

Sheet Sheet1
D5: Jan | E5: February | F5: March | G5: April | H5: May | I5: June | J5: July | K5: August | L5: Sept | M5: Oct | N5: Nov | O5: Dec | P5: Total
D6: £ | E6: £ | F6: £ | G6: £ | H6: £ | I6: £ | J6: £ | K6: £ | L6: £ | M6: £ | N6: £ | O6: £ | P6: £
A9: Receipts :
A10: Opening cash flows | D10: 318000
A11: Payment on business accounts | D11: =Sheet2!E10*52% -> 79542.112 | E11: =Sheet2!E10*47%+Sheet2!F10*52% -> 133923.18 | F11: =Sheet2!F10*47%+Sheet2!G10*52% -> 116594.02 | G11: =Sheet2!G10*47%+Sheet2!H10*52% -> 114012.03 | H11: =Sheet2!H10*47%+Sheet2!I10*52% -> 121325.67 | I11: =Sheet2!I10*47%+Sheet2!J10*52% -> 140346.4 | J11: =Sheet2!J10*47%+Sheet2!K10*52% -> 154849.4 | K11: =Sheet2!K10*47%+Sheet2!L10*52% -> 175308.8 | L11: =Sheet2!L10*47%+Sheet2!M10*52% -> 252677.16 | ... O11: =Sheet2!O10*47%+Sheet2!P10*52% -> 141422.24 | P11: =SUM(D11:O11) -> 1813425.2
A12: Cash sales | D12: =Sheet2!E9 -> 229448.4 | E12: =Sheet2!F9 -> 178930.8 | F12: =Sheet2!G9 -> 174603 | G12: =Sheet2!H9 -> 171066.6 | H12: =Sheet2!I9 -> 195360 | I12: =Sheet2!J9 -> 228270 | J12: =Sheet2!K9 -> 240360 | K12: =Sheet2!L9 -> 288450 | ... O12: =Sheet2!P9 -> 204540 | P12: =SUM(D12:O12) -> 2584628.8
A13: Interest Received | D13: =D10*2.6% -> 8268 | E13: =D13 -> 8268 | F13: =E13 -> 8268 | G13: =F13 -> 8268 | H13: =G13 -> 8268 | I13: =H13 -> 8268 | J13: =I13 -> 8268 | K13: =J13 -> 8268 | L13: =K13 -> 8268 | ... O13: =N13 -> 8268 | P13: =SUM(D13:O13) -> 99216
A16: Total Receipts | D16: =D11+D12+D13 -> 317258.51 | E16: =E11+E12+E13 -> 321121.98 | F16: =F11+F12+F13 -> 299465.02 | G16: =G11+G12+G13 -> 293346.63 | H16: =H11+H12+H13 -> 324953.67 | I16: =I11+I12+I13 -> 376884.4 | J16: =J11+J12+J13 -> 403477.4 | K16: =K11+K12+K13 -> 472026.8 | ... P16: =P11+P12+P13 -> 4497270
A20: Payments :
A22: Freehold | N22: 10000
A23: Fixtures and fittings | D23: =150000/3 -> 50000 | E23: =D23 -> 50000 | F23: =D23 -> 50000 | M23: 50000 | N23: 50000 | O23: 50000 | P23: =SUM(D23:O23) -> 300000
A24: Property expenses | D24: =80000*35% -> 28000 | H24: =80000*(1-35%) -> 52000 | K24: =546000/5 -> 109200 | L24: =K24 -> 109200 | M24: =L24 -> 109200 | N24: =M24 -> 109200 | O24: =N24 -> 109200 | P24: =SUM(D24:O24) -> 626000
A25: Laundry | F25: =75000/4 -> 18750 | I25: =F25 -> 18750 | L25: =I25 -> 18750 | O25: =L25 -> 18750 | P25: =F25+I25+L25+O25 -> 75000
A26: Energy costs | F26: =120000/4 -> 30000 | I26: =F26 -> 30000 | L26: =I26 -> 30000 | O26: =L26 -> 30000 | P26: =SUM(D26:O26) -> 120000
A27: Payments to suppliers
A28: Wages | D28: =480000/12 -> 40000 | E28: =480000/12 -> 40000 | F28: =480000/12 -> 40000 | G28: =480000/12 -> 40000 | H28: =480000/12 -> 40000 | I28: =480000/12 -> 40000 | J28: =480000/12 -> 40000 | K28: =480000/12 -> 40000 | ... O28: =480000/12 -> 40000 | P28: =SUM(D28:O28) -> 480000
A29: Salaries | D29: =320000/12 -> 26666.667 | E29: =320000/12 -> 26666.667 | F29: =320000/12 -> 26666.667 | G29: =320000/12 -> 26666.667 | H29: =320000/12 -> 26666.667 | I29: =320000/12 -> 26666.667 | J29: =320000/12 -> 26666.667 | K29: =320000/12 -> 26666.667 | ... O29: =320000/12 -> 26666.667 | P29: =SUM(D29:O29) -> 320000
A30: Vehicles | G30: 30000
A31: Zero hour contract | J31: =10*(55*31) -> 17050 | K31: =10*(55*31) -> 17050 | L31: =10*(55*30) -> 16500 | M31: =L31 -> 16500
A32: Maintinance cost | D32: =72000/12 -> 6000 | E32: =D32 -> 6000 | F32: =E32 -> 6000 | G32: =F32 -> 6000 | H32: =G32 -> 6000 | I32: =H32 -> 6000 | J32: =I32 -> 6000 | K32: =J32 -> 6000 | L32: =K32 -> 6000 | ... O32: =N32 -> 6000 | P32: =SUM(D32:O32) -> 72000
A33: Petrol and diesel | D33: =13200/12 -> 1100 | E33: =D33 -> 1100 | F33: =E33 -> 1100 | G33: =F33 -> 1100 | H33: =G33 -> 1100 | I33: =H33 -> 1100 | J33: =I33 -> 1100 | K33: =J33 -> 1100 | L33: =K33 -> 1100 | ... O33: =N33 -> 1100 | P33: =SUM(D33:O33) -> 13200
A34: Corporation tax | F34: 779000
A35: Rates | G35: 75000 | H35: 75000 | I35: 75000 | J35: 75000 | K35: 75000 | L35: 75000 | M35: 75000 | N35: 75000 | O35: 75000 | P35: =SUM(D35:O35) -> 675000
A36: Kitchen accessories | K36: =130*55 -> 7150
A37: Branded beddings | D37: =80*32 -> 2560 | K37: =D37 -> 2560
A38: Marketing | F38: 25000 | J38: 25000 | N38: 25000 | P38: =SUM(D38:O38) -> 75000
A39: Overdraft Interest
A40: In room beverage | D40: =IF(Sheet2!E16>65%,4100,IF(Sheet2!E16>85%,5000,3000)) -> 3000 | E40: =IF(Sheet2!F16>65%,4100,IF(Sheet2!F16>85%,5000,3000)) -> 3000 | F40: =IF(Sheet2!G16>65%,4100,IF(Sheet2!G16>85%,5000,3000)) -> 3000 | G40: =IF(Sheet2!H16>65%,4100,IF(Sheet2!H16>85%,5000,3000)) -> 3000 | H40: =IF(Sheet2!I16>65%,4100,IF(Sheet2!I16>85%,5000,3000)) -> 3000 | I40: =IF(Sheet2!J16>65%,4100,IF(Sheet2!J16>85%,5000,3000)) -> 3000 | J40: =IF(Sheet2!K16>65%,4100,IF(Sheet2!K16>85%,5000,3000)) -> 3000 | K40: =IF(Sheet2!L16>65%,4100,IF(Sheet2!L16>85%,5000,3000)) -> 3000 | ... P40: =IF(Sheet2!Q16>65%,4100,IF(Sheet2!Q16>85%,5000,3000)) -> 3000
A41: Toiletaries | F41: =98000/4 -> 24500 | I41: =F41 -> 24500 | L41: =I41 -> 24500 | M41: 18000 | O41: =L41 -> 24500 | P41: =F41+I41+L41+O41 -> 98000
A42: Printing cost | D42: =4000*(1+45%) -> 5800 | E42: 4000 | F42: 4000 | G42: 4000 | H42: =4000*(1+45%) -> 5800 | I42: 4000 | J42: 4000 | K42: =4000*(1+45%) -> 5800 | L42: 4000 | M42: 4000 | N42: =4000*(1+45%) -> 5800 | O42: 4000
A43: Total payments | D43: =SUM(D22:D42) -> 163126.67 | E43: =SUM(E22:E42) -> 130766.67 | F43: =SUM(F22:F42) -> 1008016.7 | G43: =SUM(G22:G42) -> 185766.67 | H43: =SUM(H22:H42) -> 209566.67 | I43: =SUM(I22:I42) -> 229016.67 | J43: =SUM(J22:J42) -> 197816.67 | K43: =SUM(K22:K42) -> 293526.67 | ... O43: =SUM(O22:O42) -> 388216.67
A47: Balance b / f | D47: =D10 -> 318000 | E47: =D47+D53 -> 790131.85 | F47: =E47+E53 -> 1770619 | G47: =F47+F53 -> 2832686.4 | H47: =G47+G53 -> 5772952.7 | I47: =H47+H53 -> 11661292 | J47: =I47+I53 -> 23470452 | K47: =J47+J53 -> 47146566 | L47: =K47+K53 -> 94471631 | ... P47: =O47+O53 -> 1513004906
A50: Net cashflow in month | D50: =D16-D43 -> 154131.85 | E50: =E16-E43 -> 190355.31 | F50: =F16-F43 -> -708551.64 | G50: =G16-G43 -> 107579.96 | H50: =H16-H43 -> 115387 | I50: =I16-I43 -> 147867.73 | J50: =J16-J43 -> 205660.73 | K50: =K16-K43 -> 178500.13 | ... P50: =P16-P43 -> 4497270
A53: Balance c / f | D53: =D47+D50 -> 472131.85 | E53: =E47+E50 -> 980487.15 | F53: =F47+F50 -> 1062067.4 | G53: =G47+G50 -> 2940266.3 | H53: =H47+H50 -> 5888339.7 | I53: =I47+I50 -> 11809160 | J53: =J47+J50 -> 23676113 | K53: =K47+K50 -> 47325066 | ... P53: =P47+P50 -> 1.5175022e+09

Sheet Sheet2
A1: WORKINGS : | D1: this page is for your workings - include within your hard copy submission.
A3: -1
E5: Jan | F5: Feb | G5: Mar | H5: April | I5: May | J5: June | K5: July | L5: August | M5: September | N5: October | O5: November | P5: December
D8: Revenue (Predicted) | E8: 382414 | F8: 298218 | G8: 291005 | H8: 285111 | I8: 325600 | J8: 380450 | K8: 400600 | L8: 480750 | M8: 520180 | N8: 400800 | O8: 375080 | P8: 340900
D9: Cash sales | E9: =E8*60% -> 229448.4 | F9: =F8*60% -> 178930.8 | G9: =G8*60% -> 174603 | H9: =H8*60% -> 171066.6 | I9: =I8*60% -> 195360 | J9: =J8*60% -> 228270 | K9: =K8*60% -> 240360 | L9: =L8*60% -> 288450 | M9: =M8*40% -> 208072 | N9: =N8*60% -> 240480 | O9: =O8*60% -> 225048 | P9: =P8*60% -> 204540
D10: Credit sales | E10: =E8*40% -> 152965.6 | F10: =F8*40% -> 119287.2 | G10: =G8*40% -> 116402 | H10: =H8*40% -> 114044.4 | I10: =I8*40% -> 130240 | J10: =J8*40% -> 152180 | K10: =K8*40% -> 160240 | L10: =L8*40% -> 192300 | M10: =M8*60% -> 312108 | N10: =N8*40% -> 160320 | O10: =O8*40% -> 150032 | P10: =P8*40% -> 136360
D11: Number of customers | E11: =E8/100 -> 3824.14 | F11: =F8/100 -> 2982.18 | G11: =G8/100 -> 2910.05 | H11: =H8/100 -> 2851.11 | I11: =I8/100 -> 3256 | J11: =J8/100 -> 3804.5 | K11: =K8/100 -> 4006 | L11: =L8/100 -> 4807.5 | ... P11: =P8/100 -> 3409
D12: ROOMS | E12: =E11/2 -> 1912.07 | F12: =F11/2 -> 1491.09 | G12: =G11/2 -> 1455.025 | H12: =H11/2 -> 1425.555 | I12: =I11/2 -> 1628 | J12: =J11/2 -> 1902.25 | K12: =K11/2 -> 2003 | L12: =L11/2 -> 2403.75 | ... P12: =P11/2 -> 1704.5
D13: Single day room occupancy | E13: =E12/30 -> 63.735667 | F13: =F12/30 -> 49.703 | G13: =G12/30 -> 48.500833 | H13: =H12/30 -> 47.5185 | I13: =I12/30 -> 54.266667 | J13: =J12/30 -> 63.408333 | K13: =K12/30 -> 66.766667 | L13: =L12/30 -> 80.125 | ... P13: =P12/30 -> 56.816667
D14: Total rooms | E14: =80+50 -> 130 | F14: =80+50 -> 130 | G14: =80+50 -> 130 | H14: =80+50 -> 130 | I14: =80+50 -> 130 | J14: =80+50 -> 130 | K14: =80+50 -> 130 | L14: =80+50 -> 130 | ... P14: =80+50 -> 130
D15: Total rooms during month | E15: =E14*30 -> 3900 | F15: =F14*30 -> 3900 | G15: =G14*30 -> 3900 | H15: =H14*30 -> 3900 | I15: =I14*30 -> 3900 | J15: =J14*30 -> 3900 | K15: =K14*30 -> 3900 | L15: =L14*30 -> 3900 | ... P15: =P14*30 -> 3900
D16: Occupancy | E16: =E12/E15 -> 0.49027436 | F16: =F12/F15 -> 0.38233077 | G16: =G12/G15 -> 0.37308333 | H16: =H12/H15 -> 0.36552692 | I16: =I12/I15 -> 0.4174359 | J16: =J12/J15 -> 0.48775641 | K16: =K12/K15 -> 0.51358974 | L16: =L12/L15 -> 0.61634615 | ... P16: =P12/P15 -> 0.43705128
A31: Supplier A
A32: (1month credit)
A34: Supplier B
A35: (no credit / 1%discount)
A39: Payments to
A40: suppliers (£)
A45: (2) Wages
E47: Jan | F47: Feb | G47: Mar | H47: April | I47: May | J47: June | K47: July | L47: August | M47: September | N47: October | O47: November | P47: December
A51: Wages paid
A64: Cash paid
A65: % in month
A66: % next month
A73: (3) Cash received from customers
A75: (a) Credit Sales
E78: Jan | F78: Feb | G78: Mar | H78: April | I78: May | J78: June | K78: July | L78: August | M78: September | N78: October | O78: November | P78: December
A81: Total sales
A83: Credit sales
A85: Credit sales (£)
A91: Months | E91: £ | F91: £ | G91: £ | H91: £ | I91: £ | J91: £ | K91: £ | L91: £ | M91: £ | N91: £ | O91: £ | P91: £
A100: Cash received from debtors
A104: (b) Cash Sales
C107: Nov | D107: Dec | E107: Jan | F107: Feb | G107: Mar | H107: April
A110: Total sales
A112: Cash sales
A114: Cash Sales (£)

Sheet Sheet3

Sheet Sheet4

Sheet Sheet5

Sheet Sheet6

Sheet Sheet7

Sheet Sheet8

Sheet Sheet9

Sheet Sheet10

Sheet Sheet11

Sheet Sheet12

Sheet Sheet13

Sheet Sheet14

Sheet Sheet15

Sheet Sheet16
